 Dungeon Crawl Stone Soup version 0.16-a0-791-gf1c67de (webtiles) character file.

1529 RobertPalmer the Basher (level 8, -5/70 HPs)
             Began as an Ogre Transmuter on Sept 28, 2014.
             Was an Initiate of Ashenzari.
             Slain by an ogre
             ... wielding a +0 giant club
              (28 damage)
             ... on Level 7 of the Dungeon.
             The game lasted 00:14:53 (8916 turns).

RobertPalmer the Basher (Ogre Transmuter)           Turns: 8916, Time: 00:14:53

HP  -5/70        AC  4     Str 16      XL: 8   Next: 85%
MP  14/14        EV 10     Int 13      God: Ashenzari [......]
Gold 402         SH  0     Dex 11      Spells:  3 memorised,  5 levels left

rFire  . . .     SeeInvis .     a - +1 giant club
rCold  . . .     Clarity  .     c - +1 robe
rNeg   + . .     rCorr    .     (shield restricted)
rPois  .         rRot     .     (helmet restricted)
rElec  .         Spirit   .     (no cloak)
SustAb .         Warding  .     (gloves unavailable)
rMut   .         Stasis   .     (boots unavailable)
Gourm  .                        (no amulet)
MR     .....                    w - ring of invisibility
                                n - ring of positive energy

@: not resistant to hostile enchantments, very unstealthy
A: unfitting armour, tough skin 1
a: Renounce Religion, Evoke Invisibility


You were on level 7 of the Dungeon.
You worshipped Ashenzari.
Ashenzari was noncommittal.
You were hungry.

You visited 2 branches of the dungeon, and saw 8 of its levels.

You collected 402 gold pieces.


Innate Abilities, Weirdness & Mutations

You are too large for most types of armour.
You have tough skin (AC +1).


   Skills:
 - Level 1.3 Fighting
 + Level 11.0 Maces & Flails
 - Level 1.7 Dodging
 - Level 2.6 Unarmed Combat
 - Level 2.4 Spellcasting
 - Level 5.0 Transmutations


You had 5 spell levels left.
You knew the following spells:

 Your Spells              Type           Power        Failure   Level  Hunger
x - Spider Form           Trmt/Pois      #.........   28%         3    ####...
z - Beastly Appendage     Trmt           ##....       3%          1    #......
Z - Sticks to Snakes      Trmt           ##........   6%          2    ###....

Inventory:

Hand weapons
 a - a +1 giant club (weapon)
 b - a +0 blowgun
Missiles
 q - 83 arrows
 r - 22 poisoned needles
 t - 3 javelins (quivered)
 y - 3 arrows of frost
Armour
 c - a +1 robe (worn)
Magical devices
 u - a wand of draining (6) {unknown}
Comestibles
 f - a beef jerky
 g - 2 meat rations
 p - 4 bread rations
 C - 2 slices of pizza
Scrolls
 i - 4 scrolls of remove curse
 m - 4 scrolls of identify
 x - a scroll of noise {!r}
 z - a scroll of teleportation {unknown}
 A - 5 scrolls of enchant armour
Jewellery
 n - a ring of positive energy (left hand)
 w - a ring of invisibility (right hand)
Potions
 e - a potion of cancellation {unknown}
 h - a potion of restore abilities {unknown}
 j - 2 potions of degeneration {unknown}
 k - a potion of magic {unknown}
 l - 4 potions of confusion {unknown}
 o - a potion of curing {unknown}
 G - a potion of agility {unknown}
 H - a potion of invisibility
Books
 d - a book of Changes

Dungeon Overview and Level Annotations

Branches:
Dungeon (7/15)             Temple (1/1) D:6

Altars:
Ashenzari
Cheibriados
Dithmenos
Elyvilon
Fedhas
Gozag
Makhleb
Nemelex Xobeh
Okawaru
Qazlal
Ru
Trog
Vehumet
Xom
Yredelemnul
Zin
The Shining One

Annotations:
D:7 exclusion: oklob plant

#.#.####......##%[%####..###....
#.#.##...####.##.ยง%# ##..#..###
##.............##%(.######.#.##
#....##############.##.......#
...#.### #....##.########..#
####...# #..####.# ##.####
.#####.## #..###.## #..... ...#
#..####..##O%.# ###### ...#
##.##.[..##@.## ...#
#.....####.## .########.....##.#
####.......##.##.#####
......##.####........#
##..###..# ########..# ##.##
#.## # ...####.#######
................


You could see an ogre.


Message History

You are not resistant to hostile enchantments.
You feel very unstealthy.
You see here an uncursed scale mail.
You see here an uncursed scale mail.
Found an elf skeleton.
Found an elf skeleton.
You are feeling hungry.
Found an orc skeleton.
An ogre comes into view. It is wielding a giant club.
The ogre shouts!
Found a throwing net, 3 bread rations, an uncursed shield and 3 beef jerkies.
An ogre is nearby!
You thump the ogre!
The ogre is moderately wounded.
The ogre barely misses you.
You barely miss the ogre.
The ogre is moderately wounded.
The ogre hits you with a giant club!
You completely miss the ogre.
The ogre is moderately wounded.
The ogre hits you with a giant club!
You sock the ogre!
The ogre is severely wounded.
You barely miss the ogre.
The ogre is severely wounded.
The ogre hits you with a giant club!!
* * * LOW HITPOINT WARNING * * *
You see here an elf skeleton.
The ogre hits you with a giant club!!
You die...

Action                   |  1- 3 |  4- 6 |  7- 9 || total
-------------------------+-------+-------+-------++-------
Melee: Whip              |    44 |       |       ||    44
       Unarmed           |     3 |    15 |    12 ||    30
       Mace              |    69 |    90 |       ||   159
       Flail             |       |    87 |   163 ||   250
       Giant club        |       |       |    70 ||    70
 Fire: Blowgun           |       |    11 |    42 ||    53
 Cast: Beastly Appendage |     6 |    11 |     5 ||    22
       Spider Form       |       |     3 |     1 ||     4
 Abil: Evoke Invisibilit |       |       |     1 ||     1
  Use: Scroll            |     1 |     4 |     6 ||    11
       Potion            |       |     2 |     4 ||     6
 Stab: Sleeping          |       |     2 |       ||     2
  Eat: Chunk             |     1 |     9 |    12 ||    22
       Meat ration       |       |     1 |       ||     1

Vault maps used:
D:1:      lightli_arrival_statuegarden
D:2:      nemelex_diamond_rough_becter
D:3:      lemuel_blue_sif_altar
D:4:      lemuel_coloured_pillars_altar, first_bread
D:6:      minmay_temple_entry_overgrown, grunt_ministairs_1, uniq_edmund
D:7:      lemuel_slime, lemuel_round_altar, grunt_ogre_cave, uniq_iyjb
Temple:   nicolae_temple_elliptical

Notes
Turn   | Place    | Note
--------------------------------------------------------------
     0 | D:1      | RobertPalmer, the Ogre Transmuter, began the quest for the Orb.
     0 | D:1      | Reached XP level 1. HP: 19/19 MP: 3/3
   317 | D:1      | Reached XP level 2. HP: 24/27 MP: 3/5
   320 | D:1      | Reached skill level 2 in Transmutations
   517 | D:1      | Reached XP level 3. HP: 13/33 MP: 6/6
  1634 | D:2      | Found a sparkling altar of Nemelex Xobeh.
  1819 | D:2      | Reached skill level 3 in Transmutations
  1819 | D:2      | Reached XP level 4. HP: 26/41 MP: 8/8
  3103 | D:3      | Reached XP level 5. HP: 36/48 MP: 9/9
  3376 | D:3      | Reached skill level 4 in Transmutations
  4278 | D:3      | Noticed an ice beast
  4315 | D:3      | Killed an ice beast
  4315 | D:3      | Reached skill level 5 in Transmutations
  4315 | D:3      | Reached XP level 6. HP: 18/55 MP: 11/11
  4613 | D:3      | Learned a level 2 spell: Sticks to Snakes
  4617 | D:3      | Learned a level 3 spell: Spider Form
  4719 | D:4      | Reached skill level 1 in Maces & Flails
  4749 | D:4      | Reached skill level 2 in Maces & Flails
  4959 | D:4      | Reached skill level 3 in Maces & Flails
  5081 | D:4      | Found a radiant altar of Vehumet.
  5284 | D:4      | Reached XP level 7. HP: 62/62 MP: 12/12
  5389 | D:5      | Entered Level 5 of the Dungeon
  5396 | D:4      | Reached skill level 4 in Maces & Flails
  5956 | D:5      | Reached skill level 5 in Maces & Flails
  6572 | D:6      | Found a staircase to the Ecumenical Temple.
  6630 | D:6      | Noticed Edmund
  6646 | D:6      | Killed Edmund
  6646 | D:6      | Reached skill level 6 in Maces & Flails
  6681 | D:6      | Reached skill level 7 in Maces & Flails
  6718 | Temple   | Entered the Ecumenical Temple
  6753 | Temple   | Became a worshipper of Ashenzari the Shackled
  6940 | D:6      | Reached XP level 8. HP: 44/70 MP: 14/14
  7308 | D:7      | Reached skill level 8 in Maces & Flails
  7417 | D:7      | Reached skill level 9 in Maces & Flails
  7637 | D:7      | Noticed Ijyb
  7655 | D:7      | Killed Ijyb
  7851 | D:7      | Noticed an oklob plant
  7972 | D:7      | Reached skill level 10 in Maces & Flails
  8043 | D:7      | HP: 4/70 [acid (15)]
  8634 | D:7      | Found a sacrificial altar of Ru.
  8744 | D:7      | Reached skill level 11 in Maces & Flails
  8916 | D:7      | Slain by an ogre

Vanquished Creatures
  Edmund (D:6)
  An ice beast (D:3)
  A black bear (D:7)
  A centaur (D:7)
  An ogre (D:7)
  2 giant frogs
  2 crimson imps
  3 hounds
  5 jellies (D:7)
  2 orc priests
  7 worker ants
  4 orc wizards
  An iguana (D:5)
  Ijyb (D:7)
  7 adders
  A giant mite (D:1)
  3 worms
  2 giant geckos
  12 oozes (D:7)
  19 orcs
  A bat skeleton (D:3)
  6 giant cockroaches
  7 goblins
  10 hobgoblins
  6 quokkas
  3 ball pythons
  6 bats
  5 giant newts
  7 jackals
  12 kobolds
  9 rats
148 creatures vanquished.

Vanquished Creatures (others)
  8 fungi (D:7)
8 creatures vanquished.

Grand Total: 156 creatures vanquished
